 Dungeon Crawl Stone Soup version 0.21.1-1-g345015fe64 (webtiles) character file.

898 Mrkan the Grappler (level 7, -2/66 HPs)
             Began as a Troll Monk on May 9, 2018.
             Was a Believer of Makhleb.
             Killed from afar by kalodont's ghost (13 damage)
             ... with a spray of energy
             ... on level 4 of the Dungeon.
             The game lasted 00:13:25 (3598 turns).

Mrkan the Grappler (Troll Monk)                     Turns: 3598, Time: 00:13:26

Health: -2/66      AC:  6    Str: 20    XL:     7   Next: 79%
Magic:  6/6        EV: 10    Int:  6    God:    Makhleb [**....]
Gold:   229        SH:  0    Dex: 14    Spells: 6/6 levels left

rFire    . . .     SeeInvis .     - Unarmed
rCold    . . .     Gourm    +   (no shield)
rNeg     . . .     Faith    .   a - +0 robe
rPois    .         Spirit   .   (helmet restricted)
rElec    .         Reflect  .   p - +0 cloak
rCorr    .         Harm     .   (gloves unavailable)
MR       .....                  (boots unavailable)
Stlth    ++........             (no amulet)
HPRegen  0.61/turn              (no ring)
MPRegen  0.10/turn              (no ring)

@: lethally poisoned (-2 -> -11)
A: large, unfitting armour, claws 3, fast metabolism 3, gourmand, regeneration
1, shaggy fur 1, tough skin 2
a: Minor Destruction, Renounce Religion


You were on level 4 of the Dungeon.
You worshipped Makhleb.
Makhleb was pleased with you.
You were completely stuffed.

You visited 1 branch of the dungeon, and saw 4 of its levels.

You collected 229 gold pieces.

Inventory:

Armour
 a - a +0 robe (worn)
 p - a +0 cloak (worn)
Jewellery
 l - an uncursed ring of positive energy {unknown}
Scrolls
 c - 2 scrolls of amnesia {unknown}
 e - a scroll of immolation {unknown}
 g - a scroll of random uselessness {unknown}
 h - a scroll of fear {unknown}
 i - 4 scrolls of teleportation
 m - 2 scrolls of identify {unknown}
 n - 4 scrolls of remove curse {unknown}
 o - 2 scrolls of magic mapping {unknown}
Potions
 d - a potion of mutation {unknown}
 j - a potion of agility {unknown}
 k - a potion of invisibility
 q - a potion of ambrosia {unknown}
 r - 2 potions of curing {unknown}
 s - 3 potions of degeneration {unknown}
 t - 3 potions of lignification {unknown}
 u - a potion of might {unknown}
 v - 2 potions of berserk rage {unknown}
Comestibles
 b - 6 rations
 f - 2 chunks of flesh


   Skills:
 - Level 2.4 Fighting
 - Level 2.4 Dodging
 - Level 1.0 Stealth
 * Level 9.4 Unarmed Combat


You had 6 spell levels left.
You didn't know any spells.

Dungeon Overview and Level Annotations

Branches:
Dungeon (4/15)
 Temple: D:4-7

Altars:
Gozag
Makhleb
Trog
Yredelemnul

Annotations:
D:4 kalodont's ghost, amateur KoEn


Innate Abilities, Weirdness & Mutations

You are too large for most types of armour.
You have claws for hands.
Your metabolism is lightning-fast.
You like to eat raw meat.
Your natural rate of healing is unusually fast.
You are covered in fur. (AC +1)
You have very tough skin. (AC +2)


Message History

Kalodont's ghost shrieks, "You will join me soon!"
Kalodont's ghost points at you and mumbles some strange words.
The spray of energy hits you!
You wake up.
* * * LOW HITPOINT WARNING * * *
Press: ? - help, Shift-Dir - straight line, f - kalodont's ghost
Aim: kalodont's ghost, wielding a weapon of venom (almost destroyed)
The stone arrow hits kalodont's ghost.
Kalodont's ghost is almost destroyed.
You feel sick. Kalodont's ghost hits you.
* * * LOW HITPOINT WARNING * * *
You are more poisoned.
You closely miss kalodont's ghost.
Kalodont's ghost is almost destroyed.
You feel sick.
You barely miss kalodont's ghost. Your claw misses kalodont's ghost.
Kalodont's ghost is almost destroyed.
You feel sick. Kalodont's ghost casts a spell at you.
The spray of energy hits you!
You die...

. #..# #..# #..#####
#......# # #..#...## #.
#...#.#.# ...####.W.....##
#......@#.#.#.##########
.......................#
[######....#.#.#########.#
..............###### #.#
...................# #.#
#.#####.....#####.#.# #.#
#.# ##...## #.#.# #.# #.#
#..## #.#.# #.# #.# #.##
#...# #.#


You could see kalodont's ghost.

Vanquished Creatures
  Sigmund (D:2)
  A phantom (D:4)
  3 ogres (D:4)
  2 hounds (D:4)
  3 orc priests
  Crazy Yiuf (D:2)
  3 gnolls (D:3)
  11 adders
  2 oozes (D:3)
  An adder skeleton (D:4)
  3 worms
  A dart slug (D:1)
  2 leopard geckos
  7 orcs
  7 bats
  3 giant cockroaches
  8 goblins
  4 hobgoblins
  2 jackals (D:1)
  3 ball pythons (D:1)
  7 frilled lizards
  7 kobolds
  A quokka skeleton (D:4)
  16 rats
  A fungus (D:2)
100 creatures vanquished.

Notes
Turn   | Place    | Note
-------+----------+-------------------------------------------
     0 | D:1      | Mrkan the Troll Monk began the quest for the Orb.
     0 | D:1      | Reached XP level 1. HP: 22/22 MP: 0/0
   100 | D:1      | Reached XP level 2. HP: 28/29 MP: 1/1
   316 | D:1      | Reached skill level 4 in Unarmed Combat
   518 | D:1      | Reached XP level 3. HP: 36/36 MP: 2/2
  1032 | D:2      | Noticed Sigmund
  1142 | D:2      | Killed Sigmund
  1142 | D:2      | Reached skill level 6 in Unarmed Combat
  1142 | D:2      | Reached XP level 4. HP: 30/44 MP: 3/3
  1142 | D:2      | Reached XP level 5. HP: 35/50 MP: 4/4
  1526 | D:2      | Found a runed door.
  1530 | D:2      | Noticed Crazy Yiuf
  1537 | D:2      | Killed Crazy Yiuf
  1537 | D:2      | Reached XP level 6. HP: 27/59 MP: 5/5
  2073 | D:3      | Reached skill level 7 in Unarmed Combat
  2336 | D:3      | Found an opulent altar of Gozag.
  2395 | D:3      | Found a burning altar of Makhleb.
  2399 | D:3      | Became a worshipper of Makhleb the Destroyer
  2399 | D:3      | Reached * piety under Makhleb
  2399 | D:3      | Reached ** piety under Makhleb
  2918 | D:4      | Reached skill level 8 in Unarmed Combat
  2925 | D:4      | Reached XP level 7. HP: 29/66 MP: 6/6
  3036 | D:4      | Found a basalt altar of Yredelemnul.
  3184 | D:4      | Reached skill level 9 in Unarmed Combat
  3227 | D:4      | Found a bloodstained altar of Trog.
  3582 | D:4      | Noticed kalodont's ghost (amateur KoEn)
  3598 | D:4      | Killed from afar by kalodont's ghost

Skill      XL: |  1  2  3  4  5  6  7 |
---------------+----------------------+-----
Unarmed Combat | 4 6 8 9 |  9.4
Fighting       | |  2.4
Dodging        | |  2.4
Stealth        | |  1.0

Action                   |  1- 3 |  4- 6 |  7- 9 || total
-------------------------+-------+-------+-------++-------
Melee: Unarmed           |    72 |   131 |    78 ||   281
       Punch             |     1 |     1 |     3 ||     5
Invok: Minor Destruction |       |       |     1 ||     1
  Use: Scroll            |       |     1 |       ||     1
 Stab: Sleeping          |     1 |     1 |       ||     2
  Eat: Chunk             |    16 |    16 |     6 ||    38
Armor: Robe              |    22 |    54 |    22 ||    98
Dodge: Dodged            |    36 |    64 |    27 ||   127
